 Dungeon Crawl Stone Soup version 0.25.0-9-g26727b657a (webtiles) character file.

Game seed: 8638537065874271226

93 funkygono the Shield-Bearer (level 4, -7/40 HPs)
             Began as a Minotaur Fighter on June 17, 2020.
             Killed by divine providence
             ... invoked by an orc priest
              (11 damage)
             ... on level 3 of the Dungeon.
             The game lasted 00:07:45 (1649 turns).

funkygono the Shield-Bearer (Minotaur Fighter)      Turns: 1649, Time: 00:07:45

Health: -7/40      AC:  8    Str: 21    XL:     4   Next: 36%
Magic:  3/3        EV:  7    Int:  5    God:
Gold:   34         SH:  9    Dex:  6    Spells: 3/3 levels left

rFire    . . .     SeeInvis .   r - +0 flail (protect)
rCold    . . .     Gourm    .   c - +0 kite shield
rNeg     . . .     Faith    .   j - +0 scale mail
rPois    .         Spirit   .   (helmet restricted)
rElec    .         Reflect  .   (no cloak)
rCorr    .         Harm     .   (no gloves)
MR       .....                  s - +0 pair of boots
Stlth    ..........             (no amulet)
HPRegen  0.13/turn              e - -4 ring of dexterity (curse)
MPRegen  0.08/turn              (no ring)

@: no status effects
A: retaliatory headbutt, horns 2
a: no special abilities


You were on level 3 of the Dungeon.
You were not hungry.

You visited 1 branch of the dungeon, and saw 3 of its levels.

You collected 34 gold pieces.

Inventory:

Hand Weapons
 b - a +0 hunting sling of freezing
 r - a +0 flail of protection (weapon)
Missiles
 k - 90 stones (quivered)
 o - 21 bolts
Armour
 c - a +0 kite shield (worn)
 j - a +0 scale mail (worn)
 p - a +0 plate armour
 s - a +0 pair of boots (worn)
Jewellery
 e - a cursed -4 ring of dexterity (left hand)
Scrolls
 m - a scroll of teleportation
 q - a scroll of identify
Potions
 a - a potion of flight {unknown}
 d - 2 potions of might
 h - a potion of ambrosia {unknown}
 i - a potion of cancellation
 l - a potion of heal wounds {unknown}
 n - a potion of haste {unknown}
 t - a potion of berserk rage {unknown}
Comestibles
 f - 6 rations
 g - 4 chunks of flesh


   Skills:
 + Level 4.3 Fighting
 + Level 3.0 Maces & Flails
 + Level 1.0 Slings
 + Level 4.3 Armour
 + Level 0.4 Dodging
 + Level 4.6 Shields


You had 3 spell levels left.
You didn't know any spells.
Your spell library was empty.

Dungeon Overview and Level Annotations

Branches:
Dungeon (3/15)

Altars:


Innate Abilities, Weirdness & Mutations

You reflexively headbutt those who attack you in melee.
You have a pair of horns on your head.


Message History

You completely miss the orc. The orc hits you but does no damage.
You block the orc's attack.
You hit the orc.
Your weapon exudes an aura of protection.
The orc is lightly wounded.
The orc priest mumbles some strange prayers to Beogh against you.
Beogh smites you!
* * * LOW HITPOINT WARNING * * *
The orc hits you but does no damage.
You closely miss the orc. You headbutt the orc.
The orc is almost dead.
You block the orc's attack.
You hit the orc.
You kill the orc!
You closely miss the orc priest. The orc priest hits you with a +0 mace.
* * * LOW HITPOINT WARNING * * *
You closely miss the orc priest. You block the orc priest's attack.
The orc priest calls down the wrath of Beogh upon you.
Beogh smites you!
You die...

. ... ##...#####
....oo.(.# ##...###.# ##
((. #o# .# o #@# .###..
#.# .....#+# #.#
.#####.#########.######
........................
.................######.
..#...>...########
..'.......# ..#.......#


You could see an orc priest.

Vanquished Creatures
  2 adders (D:2)
  A worm (D:2)
  4 dart slugs
  A leopard gecko (D:1)
  7 orcs (D:3)
  9 bats
  3 giant cockroaches
  4 goblins
  2 hobgoblins
  7 jackals
  A quokka (D:2)
  A frilled lizard (D:1)
  6 kobolds
  3 rats
51 creatures vanquished.

Notes
Turn   | Place    | Note
-------+----------+-------------------------------------------
     0 | D:1      | funkygono the Minotaur Fighter began the quest for the Orb.
     0 | D:1      | Reached XP level 1. HP: 19/19 MP: 0/0
    76 | D:1      | Reached XP level 2. HP: 18/27 MP: 1/1
   661 | D:1      | Reached XP level 3. HP: 33/33 MP: 2/2
  1013 | D:2      | Reached XP level 4. HP: 40/40 MP: 3/3
  1578 | D:3      | Reached skill level 1 in Slings
  1649 | D:3      | Killed from afar by an orc priest

Illustrated notes

Levels and vault maps discovered:
D:1:      ebering_trefoil_twist, layout_loops_ring
D:2:      layout_loops_ring, first_ration, minmay_heptomino_l4
D:3:      layout_basic

Skill      XL: |  1  2  3  4 |
---------------+-------------+-----
Shields        | 4 |  4.6
Armour         | 4 |  4.3
Fighting       | 4 |  4.3
Slings         | 1 |  1.0
Maces & Flails | 3 |  3.0
Dodging        | |  0.4

Action                   |  1- 3 |  4- 6 || total
-------------------------+-------+-------++-------
Melee: Flail             |    81 |    20 ||   101
       Headbutt          |    13 |     4 ||    17
 Fire: Hunting sling     |    18 |    23 ||    41
  Use: Scroll            |     2 |     3 ||     5
  Eat: Chunk             |       |     2 ||     2
Armor: Scale mail        |    51 |     8 ||    59
Dodge: Dodged            |    33 |     5 ||    38
Block: Kite shield       |    51 |     6 ||    57
